 Dungeon Crawl Stone Soup version bcrawl-1.26.1 (webtiles) character file.

Game seed: 5054844971909853067

229149 Freyura the Slasher (level 8, -2/64 HPs)
             Began as a Demonspawn Fighter on July 2, 2020.
             Was a Follower of Ashenzari.
             Slain by a cyan ugly thing (5 damage)
             ... on level 7 of the Dungeon.
             The game lasted 00:17:28 (6242 turns).

Freyura the Slasher (Demonspawn Fighter)            Turns: 6242, Time: 00:17:29

Health: -2/64      AC: 12    Str: 17    XL:     8   Next: 74%
Magic:  9/9        EV: 12    Int:  9    God:    Ashenzari [*.....]
Gold:   173        SH:  2    Dex: 15    Spells: 7/7 levels left

rFire    . . .     SeeInvis .   a - +1 long sword (curse)
rCold    . . .     Gourm    .   (no shield)
rNeg     . . .     Faith    .   b - +0 scale mail (curse)
rPois    .         Spirit   .   (helmet restricted)
rElec    +         Reflect  .   (no cloak)
rCorr    .         Harm     .   (no gloves)
MR       .....                  s - +0 pair of boots (curse)
Stlth    ..........             (no amulet)
HPRegen  0.20/turn              j - ring of insulation (curse)
MPRegen  0.11/turn              (no ring)

@: lethally poisoned (-2 -> -3)
A: horns 2, iridescent scales 2, powered by death 1, powered by pain 1
a: Curse Item, Scrying, Renounce Religion


You were on level 7 of the Dungeon.
You worshipped Ashenzari.
Ashenzari was aware of your devotion.
You were not hungry.

You visited 2 branches of the dungeon, and saw 8 of its levels.

You collected 303 gold pieces.
You spent 130 gold pieces at shops.

Inventory:

Hand Weapons
 a - a cursed +1 long sword (weapon)
 r - a +1 war axe of flaming
Armour
 b - a cursed +0 scale mail (worn)
 s - a cursed +0 pair of boots (worn)
Jewellery
 j - a cursed ring of insulation (left hand)
 o - an uncursed amulet of magic regeneration
 v - an uncursed ring of wizardry
Wands
 p - a wand of flame (36)
 u - a wand of disintegration (12)
 w - a wand of enslavement (7)
Scrolls
 f - a scroll of amnesia
 h - a scroll of teleportation
 k - a scroll of immolation
 m - a scroll of fear
 n - a scroll of remove curse
 q - a scroll of summoning
Potions
 c - 2 potions of resistance
 g - a potion of brilliance {unknown}
 i - 2 potions of invisibility
 l - a potion of lignification {unknown}
Comestibles
 d - 2 chunks of flesh
 e - 10 rations {!d}


   Skills:
 + Level 5.7 Fighting
 * Level 6.7 Long Blades
 + Level 5.1 Armour
 + Level 4.2 Dodging
   Level 2.6 Shields
 + Level 1.6 Evocations


You had 7 spell levels left.
You didn't know any spells.
Your spell library contained the following spells:

 Spells                   Type           Power        Failure   Level  Hunger
 Magic Dart               Conj           #...         77%         1    ##.....
 Searing Ray              Conj           #.......     88%         2    ###....
 Iskenderun's Mystic Bla  Conj           #.......     98%         3    ####...
 Fulminant Prism          Conj/Hex       #.........   100%        4    #####..
 Irradiate                Conj/Tmut      #.........   100%        5    ######.


Dungeon Overview and Level Annotations

Branches:
Dungeon (7/12)             Temple (1/1) D:6
   Lair: D:7-9

Altars:
Ashenzari
Dithmenos
Elyvilon
Fedhas
Lugonu
Makhleb
Nemelex Xobeh
Okawaru
Ru
Sif Muna
Trog
Vehumet
Xom
Zin

Shops:
D:5 *


Innate Abilities, Weirdness & Mutations

You have a pair of horns on your head.
You are mostly covered in iridescent scales. (AC +4)
You regenerate a little health from kills.
You sometimes gain a little power by taking damage.


Message History

The cyan ugly thing is severely wounded.
The cyan ugly thing engulfs you!
* * * LOW HITPOINT WARNING * * *
The cyan ugly thing shocks you. You resist.
* * * LOW HITPOINT WARNING * * *
You closely miss the cyan ugly thing.
The cyan ugly thing is heavily wounded.
The cyan ugly thing barely misses you.
You closely miss the cyan ugly thing.
The cyan ugly thing is heavily wounded.
You feel sick. The cyan ugly thing closely misses you.
You hit the cyan ugly thing.
The cyan ugly thing is severely wounded.
The cyan ugly thing barely misses you.
You closely miss the cyan ugly thing. You headbutt the cyan ugly thing.
The cyan ugly thing is severely wounded.
The cyan ugly thing engulfs you!
* * * LOW HITPOINT WARNING * * *
The cyan ugly thing shocks you. You resist.
You die...

#.#.. .. ## (.....
##.# .. #.#..#.## ...
#.. #. ##...# ..#..#
.. #.##...####.#.#
#>......†@u...# #####
#...........### ....#
#).........##
###.#####........#÷.##
#....#.........##..##
####.#.......#####..##
# #.))####### ##..# #
#<..# ##.# # #...# #†#


You could see a cyan ugly thing.

Vanquished Creatures
  An orc warrior (D:6)
  2 sky beasts
  2 centaurs (D:6)
  2 scorpions
  5 killer bees (D:7)
  A howler monkey (D:7)
  3 crimson imps
  A centaur zombie (D:5)
  2 jellies
  A centaur skeleton (D:5)
  2 orc priests
  3 hounds
  Natasha (thrice) (D:3)
  2 orc wizards (D:6)
  2 worker ants
  A hound zombie (D:6)
  A hound skeleton (D:4)
  A worker ant zombie (D:4)
  4 gnolls (D:7)
  8 adders
  5 shadow imps
  2 adder skeletons (D:4)
  3 worms (D:3)
  7 dart slugs
  3 leopard geckos
  36 orcs
  A ball python (D:3)
  5 bats
  3 giant cockroaches
  13 goblins
  6 hobgoblins
  9 jackals
  9 kobolds
  5 quokkas
  A frilled lizard (D:2)
  A jackal skeleton (D:5)
  A quokka skeleton (D:4)
  6 rats
163 creatures vanquished.

Notes
Turn   | Place    | Note
-------+----------+-------------------------------------------
     0 | D:1      | Freyura the Demonspawn Fighter began the quest for the Orb.
     0 | D:1      | Reached XP level 1. HP: 18/18 MP: 1/1
   191 | D:1      | Reached skill level 2 in Long Blades
   426 | D:1      | Gained mutation: You sometimes gain a little power by
                  | taking damage. [demonic ancestry]
   426 | D:1      | Reached XP level 2. HP: 20/24 MP: 2/2
   705 | D:2      | Gained mutation: You regenerate a little health from kills.
                  | [demonic ancestry]
   705 | D:2      | Reached XP level 3. HP: 27/29 MP: 3/3
   797 | D:2      | Reached skill level 1 in Dodging
   982 | D:2      | Reached XP level 4. HP: 35/35 MP: 4/4
  1396 | D:3      | Reached skill level 3 in Long Blades
  2023 | D:3      | Gained mutation: You have a pair of small horns on your
                  | head. [demonic ancestry]
  2023 | D:3      | Reached XP level 5. HP: 12/42 MP: 5/5
  2114 | D:3      | Found a burning altar of Makhleb.
  2380 | D:3      | Found a radiant altar of Vehumet.
  2388 | D:3      | Noticed Natasha
  2400 | D:3      | Killed Natasha
  2522 | D:3      | Noticed Natasha
  2531 | D:3      | Killed Natasha
  2684 | D:3      | Found a sacrificial altar of Ru.
  2797 | D:3      | Noticed Natasha
  2816 | D:3      | Killed Natasha
  2816 | D:3      | Gained mutation: You are partially covered in iridescent
                  | scales. (AC +2) [demonic ancestry]
  2816 | D:3      | Reached XP level 6. HP: 16/48 MP: 6/6
  3153 | D:4      | Reached skill level 4 in Long Blades
  3304 | D:4      | Found a bloodstained altar of Trog.
  3931 | D:5      | Entered Level 5 of the Dungeon
  4009 | D:5      | Gained mutation: You are mostly covered in iridescent
                  | scales. (AC +4) [demonic ancestry]
  4009 | D:5      | Reached XP level 7. HP: 52/55 MP: 7/7
  4082 | D:5      | Found Emops's General Store.
  4090 | D:5      | Bought a scroll of summoning for 130 gold pieces
  4538 | D:6      | Reached skill level 5 in Long Blades
  4589 | D:6      | Found a shimmering altar of Xom.
  4853 | D:6      | Found a staircase to the Ecumenical Temple.
  4879 | Temple   | Entered the Ecumenical Temple
  5049 | Temple   | Became a worshipper of Ashenzari the Shackled
  5131 | D:6      | Reached skill level 5 in Fighting
  5131 | D:6      | Gained mutation: You have a pair of horns on your head.
                  | [demonic ancestry]
  5131 | D:6      | Reached XP level 8. HP: 20/62 MP: 8/8
  5331 | D:6      | Reached skill level 6 in Long Blades
  6011 | D:7      | Reached skill level 5 in Armour
  6011 | D:7      | Reached skill level 1 in Evocations
  6172 | D:7      | Reached * piety under Ashenzari
  6226 | D:7      | Noticed a cyan ugly thing
  6242 | D:7      | HP: 3/64 [cyan ugly thing (7)]
  6242 | D:7      | Slain by a cyan ugly thing

Skill      XL: |  1  2  3  4  5  6  7  8 |
---------------+-------------------------+-----
Long Blades    | 2 3 4 5 6 |  6.7
Armour         | 3 4 5 |  5.1
Dodging        | 1 2 3 4 |  4.2
Fighting       | 4 5 |  5.7
Evocations     | 1 |  1.6
Shields        | |  2.6

Action                   |  1- 3 |  4- 6 |  7- 9 || total
-------------------------+-------+-------+-------++-------
Melee: Long sword        |   143 |   279 |   291 ||   713
       Headbutt          |       |    35 |    47 ||    82
Invok: Curse Item        |       |       |     4 ||     4
  Use: Potion            |     1 |       |     2 ||     3
       Scroll            |       |     8 |     5 ||    13
  Eat: Chunk             |       |    10 |     5 ||    15
       Ration            |       |       |     1 ||     1
Armor: Scale mail        |    87 |   126 |   130 ||   343
Dodge: Dodged            |    80 |   172 |   143 ||   395
Block: Other             |       |     5 |    17 ||    22
